 Dungeon Crawl Stone Soup version 0.30-a0-626-gd6a5dd7a1f (webtiles) character file.

Game seed: 11408143271325560849

85 testman the Shooter (level 4, -4/33 HPs)
             Began as a Human Wanderer on Jan 11, 2023.
             Killed by divine providence
             ... invoked by an orc priest
              (12 damage)
             ... on level 3 of the Dungeon.
             The game lasted 00:04:29 (1887 turns).

testman the Shooter (Human Wanderer)                Turns: 1887, Time: 00:04:29

Health: -4/33      AC:  3    Str: 13    XL:     4   Next: 75%
Magic:  15/16      EV: 12    Int: 16    God:
Gold:   70         SH:  0    Dex: 10    Spells: 6/7 levels left

rFire   . . .      SeeInvis .    a - +2 sling
rCold   . . .      Faith    .    (no shield)
rNeg    . . .      Spirit   .    d - +0 robe
rPois   .          Reflect  .    (no helmet)
rElec   .          Harm     .    c - +0 cloak
rCorr   .          Rampage  .    (no gloves)
Will    .....                    (no boots)
Stlth   +                        (no amulet)
HPRegen 0.25/turn                n - ring of magical power
MPRegen 0.15/turn                (no ring)

@: no status effects
A: no striking features
a: no special abilities


You were on level 3 of the Dungeon.
You visited 1 branch of the dungeon, and saw 3 of its levels.

You collected 70 gold pieces.

Inventory:

Hand Weapons
 a - a +2 sling (weapon)
 f - a +0 falchion
 m - a +3 quarterstaff of chaos
Armour
 c - a +0 cloak (worn)
 d - a +0 robe (worn)
Jewellery
 n - a ring of magical power (left hand)
Wands
 b - a wand of polymorph (3)
Scrolls
 g - a scroll of amnesia {unknown}
 h - 2 scrolls of fear {unknown}
 i - a scroll of magic mapping {unknown}
 k - a scroll of identify {unknown}
 l - 2 scrolls of poison {unknown}
 p - a scroll of noise {unknown}
Potions
 e - a potion of resistance {unknown}
 j - a potion of curing {unknown}
 o - a potion of might {unknown}


   Skills:
 + Level 1.7 Fighting
 + Level 3.6 Ranged Weapons
 - Level 1.0 Throwing
 - Level 2.0 Dodging
 + Level 2.0 Spellcasting
 + Level 2.1 Summonings
 - Level 2.0 Evocations


You had 6 spell levels left.
You knew the following spells:

 Your Spells              Type           Power      Damage    Failure   Level
a - Summon Small Mammal   Summ           32%        N/A       9%          1

Your spell library contained the following spells:

 Spells                   Type           Power      Damage    Failure   Level
 Call Canine Familiar     Summ           8%         N/A       26%         3
 Ignite Poison            Fire/Tmut/Pois 1%         N/A       52%         3
 Portal Projectile        Hex/Tloc       2%         N/A       52%         3
 Tukima's Dance           Hex            1%         N/A       52%         3
 Alistair's Intoxication  Tmut/Pois      0%         N/A       99%         5
 Arcjolt                  Conj/Air       0%         1d10      99%         5
 Blade Hands              Tmut           0%         N/A       99%         5


Dungeon Overview and Level Annotations

Branches:
Dungeon (3/15)

Altars:

Annotations:
D:1 2 transporters


Message History

Fire: a) +2 sling
Press: ? - help, Q - select action, (/) - cycle Shift-Dir - straight line, f - orc priest
Aim: an orc priest, wielding a +0 short sword (severely wounded, 56% to hit)
You shoot a sling bullet. The sling bullet hits the orc priest.
The orc priest is almost dead.
Fire: a) +2 sling
Press: ? - help, Q - select action, (/) - cycle Shift-Dir - straight line, f/p - orc priest
Aim: an orc priest, wielding a +0 short sword (almost dead, 56% to hit)
You shoot a sling bullet.
The sling bullet barely misses the orc priest.
You hear a shout!
The orc wizard casts a spell.
The orc wizard flickers and vanishes!
Deactivating autopickup; reactivate with Ctrl-A.
Fire: a) +2 sling
Press: ? - help, Q - select action, (/) - cycle Shift-Dir - straight line, f/p - orc priest
Aim: an orc priest, wielding a +0 short sword (almost dead, 56% to hit)
You shoot a sling bullet. The sling bullet hits the orc priest.
The orc priest is almost dead.
An orc comes into view. It is wielding a +0 dagger.
Fire: a) +2 sling
Press: ? - help, Q - select action, (/) - cycle Shift-Dir - straight line, f/p - orc priest
Aim: an orc priest, wielding a +0 short sword (almost dead, 56% to hit)
You shoot a sling bullet.
The sling bullet barely misses the orc priest.
The orc priest looks encouraged for a moment.
Fire: a) +2 sling
Press: ? - help, Q - select action, (/) - cycle Shift-Dir - straight line, f - orc, p - orc priest
Aim: an orc, wielding a +0 dagger (56% to hit)
You shoot a sling bullet.
The sling bullet completely misses the orc priest.
The sling bullet closely misses the orc.
The orc priest hits you with a +0 short sword.
* * * LOW HITPOINT WARNING * * *
The orc priest looks encouraged for a moment.
Casting: Summon Small Mammal (safe; 9% risk of failure)
Confirm with . or Enter, or press ? or * to list all spells.
The orc priest invokes the aid of Beogh against you.
Beogh smites you!
You die...

##.#..#.#...##.#######.#.#.##.#.#
...#..o....>...............##.#.#
#..##.#.......########<# #.#
#..##.#####.### #. ......# ##.##
#..#### ##.#)## #..## ##.###o##
#...####.## ##.###### ........##
##o@b..# #.#.####.## ##.####<#
#.#.# ##.###.## #.# #.#.# ##.#.##
#.# #.#.# ##.## #.# #.#.# #.# #.#
....# #.. #.# ##### ###. ..# .#
..#


You could see an orc priest (ally target), an orc and a friendly bat (summoned).

Vanquished Creatures
  Crazy Yiuf (D:2)
  2 adders
  2 dart slugs
  An orc (D:3)
  4 giant cockroaches
  4 goblins
  A hobgoblin (D:2)
  3 jackals (D:1)
  2 quokkas
  5 ball pythons
  3 bats
  A frilled lizard (D:2)
  2 kobolds
31 creatures vanquished.

Notes
Turn   | Place    | Note
-------+----------+-------------------------------------------
     0 | D:1      | testman the Human Wanderer began the quest for the Orb.
     0 | D:1      | testman set off with the following items: a +2 sling, a
                  | wand of polymorph (3), a potion of berserk rage, a +0 robe;
                  | and the following spell memorised: Summon Small Mammal; and
                  | the following spells available to memorise: Call Canine
                  | Familiar.
     0 | D:1      | Reached XP level 1. HP: 13/13 MP: 2/2
   159 | D:1      | Reached XP level 2. HP: 20/20 MP: 3/3
   636 | D:2      | Reached skill level 1 in Fighting
   636 | D:2      | Reached XP level 3. HP: 24/26 MP: 3/5
  1151 | D:2      | Found a runed translucent door.
  1152 | D:2      | Noticed Crazy Yiuf
  1160 | D:2      | HP: 1/39 [Crazy Yiuf/+3 quarterstaff of chaos (2)]
  1167 | D:2      | Killed Crazy Yiuf
  1168 | D:2      | Reached XP level 4. HP: 4/32 MP: 3/6
  1597 | D:3      | Got the Book of Fuming Transfiguration
  1887 | D:3      | Killed from afar by an orc priest

Illustrated notes

Levels and vault maps discovered:
D:1:      spicycebolla_arrival_transporter_tutorial, layout_basic
D:2:      layout_loops_ring, uniq_crazy_yiuf_cottage
D:3:      layout_loops_ring, ebering_ecumenical_altar_rust

Skill      XL: |  1  2  3  4 |
---------------+-------------+-----
Fighting       | 1 |  1.7
Summonings     | 2 |  2.1
Spellcasting   | 2 |  2.0
Ranged Weapons | |  3.6
Throwing       | |  1.0
Dodging        | |  2.0
Evocations     | |  2.0

Action                   |  1- 3 |  4- 6 || total
-------------------------+-------+-------++-------
Melee: Falchion          |     7 |       ||     7
 Fire: Sling             |    58 |    36 ||    94
 Cast: Summon Small Mamm |     2 |     3 ||     5
  Use: Potion            |     1 |       ||     1
Armor: Robe              |    10 |     3 ||    13
Dodge: Dodged            |    19 |     6 ||    25

Table legend: (Time is in decaauts)
 A = Elapsed time spent in this place.
 B = Non-inter-level travel time spent in this place.
 C = Inter-level travel time spent in this place.
 D = Time resting spent in this place.
 E = Time spent auto-exploring this place.
 F = Levels seen in this place.
 G = Mean time per level.
                   A        B        C        D        E       F      G
               +--------+--------+--------+--------+--------+-----+--------+
         Total |   1911 |   1868 |     43 |    115 |   1518 |   3 |  637.0 |
       Dungeon |   1911 |   1868 |     43 |    115 |   1518 |   3 |  637.0 |
               +--------+--------+--------+--------+--------+-----+--------+

Top non-repeatable levels by time:
     D:2: 918 daAuts
     D:1: 626 daAuts
     D:3: 366 daAuts
